Map: Redshift LE

Players

Serral

  • Race: Zerg Zerg
  • Spawn Location: 11:00

Scarlett - Winner!

  • Race: Zerg Zerg
  • Spawn Location: 7:00

Event: WCS Valencia 2018

VOD

Have the link to the VOD?

Description

Time

  • Played on: July 13, 2018, 4:27 a.m.
  • Length: 5:31

All games in this series

Show
View Real Time Build Order
Export as new Build Order

Serral Zerg 

Build Orders: Hatch First 

Get SALT Encoding   

  12  0:00  Drone  
  13  0:12  Overlord  
  13  0:17  Drone  
  14  0:31  Drone x2  
  16  0:48  Hatchery  
  15  0:50  Drone  
  15  0:54  Drone  
  17  0:58  Drone  
  18  1:08  Extractor  
  17  1:12  Spawning Pool  
  17  1:15  Drone  
  17  1:19  Drone  
  18  1:28  Drone  
  19  1:38  Drone  
  20  1:50  Overlord  
  20  1:59  Queen  
  20  2:01  Drone  
  25  2:03  Zergling x2  
  26  2:09  Lair  
  26  2:10  Drone  
  26  2:11  Evolution Chamber  
  26  2:12  Drone  
  26  2:15  Extractor  
  24  2:21  Drone  
  24  2:22  Drone  
  26  2:28  Roach Warren  
  25  2:33  Drone x2  
  27  2:38  Queen  
  29  2:44  Zerg Missile Weapons Level 1  
  29  2:49  Drone  
  29  2:50  Drone  
  31  2:54  Overlord  
  31  2:57  Overlord  
  31  3:04  Spine Crawler  
  30  3:08  Glial Reconstitution  
  30  3:12  Roach  
  32  3:15  Roach  
  32  3:19  Roach  
  36  3:23  Roach  
  36  3:25  Roach  
  40  3:30  Roach  
  43  3:37  Roach x2  
  43  3:49  Roach  
  45  3:56  Drone x2  
  45  3:59  Roach x2  
  51  4:15  Roach x2  
  29  4:47  Drone  
  26  5:07  Drone  
  27  5:17  Ravager  
  26  5:22  Ravager  
Show
View Real Time Build Order
Export as new Build Order

Scarlett Zerg - Winner!

Build Orders: Hatch First 

Get SALT Encoding   

  12  0:00  Drone  
  13  0:12  Overlord  
  13  0:16  Drone  
  14  0:30  Drone x2  
  16  0:47  Hatchery  
  15  0:50  Drone  
  15  0:54  Drone  
  17  0:57  Drone  
  18  1:07  Extractor  
  17  1:12  Spawning Pool  
  17  1:15  Drone  
  17  1:19  Drone  
  18  1:28  Drone  
  19  1:38  Drone  
  20  1:51  Drone  
  21  1:59  Drone  
  21  2:00  Queen x2  
  21  2:01  Overlord  
  26  2:07  Metabolic Boost  
  26  2:11  Drone x2  
  28  2:24  Zergling x4  
  28  2:29  Baneling Nest  
  29  2:31  Zergling x2  
  30  2:40  Spine Crawler  
  29  2:44  Hatchery  
  29  2:47  Overlord  
  29  2:49  Zergling x2  
  29  2:52  Zergling x2  
  29  2:55  Zergling x2  
  29  2:57  Zergling x2  
  32  3:04  Zergling x2  
  33  3:07  Zergling x2  
  33  3:09  Zergling x4  
  33  3:12  Baneling x4  
  36  3:15  Zergling x2  
  36  3:16  Baneling  
  37  3:21  Zergling x4  
  37  3:24  Zergling x4  
  41  3:28  Zergling x2  
  41  3:30  Zergling x2  
  41  3:42  Zergling x4  
  43  3:49  Zergling x2  
  43  3:53  Overlord  
  44  3:59  Zergling x12  
  50  4:06  Zergling x2  
  49  4:11  Zergling x6  
  50  4:21  Zergling x6  
  50  4:22  Roach Warren  
  43  4:35  Drone x2  
  43  4:38  Zergling x10  
  48  4:43  Zergling x4  
  50  4:49  Zergling x2  
  50  4:54  Zergling x8  
  50  4:58  Zergling x4  
  52  5:03  Zergling x2  
  52  5:06  Zergling x2  
  52  5:07  Zergling x2  
Tags
 
Add a new tag
Caveats
  • Supply blocks, unpowered buildings, or Contaminate may cause inaccurate times.
  • Supply counts are checked every 10 seconds.